 Dungeon Crawl Stone Soup version 0.29-a0-472-ge5599a681e (webtiles) character file.

Game seed: 9325700527053158517

530280 Sobieck the Imperceptible (level 25, -4/140 HPs)
             Began as a Vine Stalker Fighter on May 22, 2022.
             Was the Champion of Hepliaklqana.
             Slain by an ettin
             ... wielding a +0 dire flail
              (29 damage)
             ... on level 5 of the Vaults.
             The game lasted 03:39:17 (50847 turns).

Sobieck the Imperceptible (Vine Stalker Fighter)   Turns: 50847, Time: 03:39:17

Health: -4/140     AC: 12    Str: 35    XL:     25   Next: 61%
Magic:  0/42       EV: 24    Int: 17    God:    Hepliaklqana [******]
Gold:   3282       SH:  0    Dex: 21    Spells: 26/36 levels left

rFire   + . .      SeeInvis +   a - +9 quick blade (elec) {shortrare=g}
rCold   + . .      Faith    .   G - +5 kite shield of the Butcher {Regen+ rCorr}
rNeg    . . .      Spirit   +   p - +1 robe of Vines {NoPotionHeal Regen++++}
rPois   .          Reflect  +   c - +0 helmet {SInv}
rElec   .          Harm     .   T - +0 cloak of Dishonesty {Drain Will+ Str+8 Int+3}
rCorr   +          Rampage  .   Z - +0 pair of gloves of Liberalism {Regen+}
Will    ++++.                   U - +3 pair of boots of the Tanner {Regen+ Str+3 Dex-5 Slay+3}
Stlth   ++++......              y - amulet of reflection
HPRegen 6.73/turn               O - ring of Nakk {rF+ Str+2 Slay+6 SInv}
MPRegen 0.28/turn               J - ring "Zagowyer" {+Blink rC+ MP+9 Int+6 Dex+3 Stlth+}

@: confused, wereblooded, studying Translocations
A: reduced essence, fangs 3, regeneration 1, magic shield, antimagic bite, no
potion heal 2
}: 3/15 runes: decaying, serpentine, silver
a: Renounce Religion, Evoke Blink, Recall Ancestor, Ancestor Identity,
Transference, Idealise


You were on level 5 of the Vaults.
You worshipped Hepliaklqana.
Hepliaklqana was exalted by your worship.
You visited 10 branches of the dungeon, and saw 47 of its levels.
You visited the Abyss 2 times.
You also visited: Sewer.

You collected 8670 gold pieces.
You spent 5388 gold pieces at shops.


Innate Abilities, Weirdness & Mutations

Your life essence is reduced to manifest your ancestor. (-10% HP)
You have razor-sharp teeth.
Your natural rate of healing is unusually fast.
When hurt, damage is shared between your health and your magic reserves.
Your bite disrupts and absorbs the magic of your enemies.
Potions cannot restore your health.


   Skills:
 - Level 24.0 Fighting
 - Level 8.0 Short Blades
 - Level 9.0 Armour
 - Level 17.0 Dodging
 + Level 25.4 Stealth
 - Level 15.0 Shields
 - Level 6.0 Spellcasting
 - Level 7.0 Translocations
 - Level 6.0 Transmutations
 - Level 3.0 Earth Magic
 - Level 8.0 Invocations
 - Level 7.0 Evocations


You had 26 spell levels left.
You knew the following spells:

 Your Spells              Type           Power      Damage    Failure   Level
a - Apportation           Tloc           56%        N/A       1%          1
b - Lesser Beckoning      Tloc           28%        N/A       3%          3
c - Blink                 Tloc           56%        N/A       1%          2
d - Wereblood             Tmut           25%        N/A       2%          2
e - Passwall              Tmut/Erth      16%        N/A       5%          2

Your spell library contained the following spells:

 Spells                   Type           Power      Damage    Failure   Level
 Beastly Appendage        Tmut           50%        N/A       1%          1
 Gell's Gravitas          Tloc           28%        N/A       3%          3
 Teleport Other           Tloc           28%        N/A       3%          3
 Passage of Golubria      Tloc           28%        N/A       12%         4
 Spider Form              Tmut/Pois      15%        N/A       19%         3
 Freeze                   Ice            20%        1d4       22%         1
 Magic Dart               Conj           20%        1d4       22%         1
 Ignite Poison            Fire/Tmut/Pois 11%        N/A       28%         3
 Ensorcelled Hibernation  Hex/Ice        10%        N/A       32%         2
 Static Discharge         Conj/Air       5%         N/A       32%         2
 Sublimation of Blood     Necr           5%         N/A       32%         2
 Stone Arrow              Conj/Erth      20%        3d8       34%         3
 Manifold Assault         Tloc           28%        N/A       34%         5
 Iskenderun's Mystic Bla  Conj/Tloc      17%        2d5       45%         4
 Blade Hands              Tmut           12%        N/A       45%         5
 Conjure Flame            Conj/Fire      5%         6-21      54%         3
 Dazzling Flash           Conj/Hex       10%        N/A       54%         3
 Frozen Ramparts          Ice            10%        1d3       54%         3
 Ozocubu's Armour         Ice            5%         N/A       54%         3
 Swiftness                Air            5%         N/A       54%         3
 Tukima's Dance           Hex            5%         N/A       54%         3
 Vampiric Draining        Necr           5%         2d6       54%         3
 Animate Armour           Summ/Erth      20%        N/A       75%         4
 Alistair's Intoxication  Tmut/Pois      10%        N/A       87%         5
 Yara's Violent Unravell  Hex/Tmut       7%         3d5       87%         5
 Dispersal                Tloc           14%        N/A       88%         6
 Airstrike                Air            2%         N/A       91%         4
 Anguish                  Hex/Necr       2%         N/A       91%         4
 Corpse Rot               Necr/Pois/Air  5%         N/A       91%         4
 Dispel Undead            Necr           5%         3d7       91%         4
 Hailstorm                Conj/Ice       5%         3d4       91%         4
 Sticky Flame             Conj/Fire      5%         2d3       91%         4
 Summon Lightning Spire   Summ/Air       5%         N/A       91%         4
 Lightning Bolt           Conj/Air       2%         1d14      99%         5
 Metabolic Englaciation   Hex/Ice        2%         N/A       99%         5
 Death Channel            Necr           2%         N/A       100%        6
 Iron Shot                Conj/Erth      5%         9d2       100%        6
 Simulacrum               Ice/Necr       2%         N/A       100%        6
 Starburst                Conj/Fire      2%         6d3       100%        6
 Enfeeble                 Hex            2%         N/A       100%        7
 Haunt                    Necr/Summ      2%         N/A       100%        7
 Malign Gateway           Summ/Tloc      8%         N/A       100%        7
 Disjunction              Tloc           14%        N/A       100%        8
 Fire Storm               Conj/Fire      2%         8d1       100%        9
 Polar Vortex             Ice            2%         N/A       100%        9

Inventory:

Hand Weapons
 a - a +9 quick blade of electrocution (weapon) {shortrare=g}
   (You acquired it on level 4 of the Dungeon)
Missiles
 F - 6 throwing nets {=f!fthrowing}
Armour
 c - a +0 helmet of see invisible (worn)
   (You found it on level 3 of the Elven Halls)
 p - the +1 robe of Vines (worn) {NoPotionHeal Regen++++}
   (You bought it in a shop on level 2 of the Orcish Mines)

   Its wearer cannot be healed by potions.
   Regen:     It increases your rate of health regeneration.
 G - the +5 kite shield of the Butcher (worn) {Regen+ rCorr}
   (You took it off Asterion on level 2 of the Snake Pit)

   Regen:     It increases your rate of health regeneration.
   rCorr:     It protects you from acid and corrosion.
 T - the +0 cloak of Dishonesty (worn) {Drain Will+ Str+8 Int+3}
   (You found it on level 1 of the Snake Pit)

   Str:       It affects your strength (+8).
   Int:       It affects your intelligence (+3).
   Drain:     It drains your maximum health when unequipped.
   Will:      It increases your willpower.
 U - the +3 pair of boots of the Tanner (worn) {Regen+ Str+3 Dex-5 Slay+3}
   (You found it on level 2 of the Orcish Mines)

   Str:       It affects your strength (+3).
   Dex:       It affects your dexterity (-5).
   Slay:      It affects your accuracy & damage with ranged weapons and melee
   (+3).
   Regen:     It increases your rate of health regeneration.
 Z - the +0 pair of gloves of Liberalism (worn) {Regen+}
   (You acquired it on level 3 of the Elven Halls)

   Regen:     It increases your rate of health regeneration.
Jewellery
 b - a ring of willpower
   (You found it on level 1 of the Swamp)
 y - an amulet of reflection (around neck)
   (You found it on level 10 of the Dungeon)
 C - the ring "Dosoruoh" {rC- rN++ MP+9 Str+2 Int+3 SInv}
   (You took it off a deep elf master archer on level 3 of the Elven Halls)

   [ring of magical power]

   Str:       It affects your strength (+2).
   Int:       It affects your intelligence (+3).
   rC:        It makes you vulnerable to cold.
   rN:        It greatly protects you from negative energy.
   MP:        It affects your magic capacity (+9).
   SInv:      It lets you see invisible.
 J - the ring "Zagowyer" (right hand) {+Blink rC+ MP+9 Int+6 Dex+3 Stlth+}
   (You took it off a deep elf elementalist on level 3 of the Elven Halls)

   [ring of intelligence]

   Int:       It affects your intelligence (+6).
   Dex:       It affects your dexterity (+3).
   rC:        It protects you from cold.
   MP:        It affects your magic capacity (+9).
   +Blink:    It lets you blink.
   Stlth:     It makes you more stealthy.
 K - a ring of protection from cold
   (You took it off a deep elf death mage on level 3 of the Elven Halls)
 L - a ring of protection from fire
   (You found it on level 1 of the Elven Halls)
 M - the ring "Xykhloq" {Ice rElec Str+4 Dex+2 Stlth-}
   (You took it off a vault guard on level 5 of the Vaults)

   [ring of ice]

   It enhances your ice magic.
   Str:       It affects your strength (+4).
   Dex:       It affects your dexterity (+2).
   rF:        It makes you vulnerable to fire.
   rC:        It protects you from cold.
   rElec:     It insulates you from electricity.
   Stlth:     It makes you less stealthy.
 O - the ring of Nakk (left hand) {rF+ Str+2 Slay+6 SInv}
   (You bought it in a shop on level 3 of the Depths)

   [ring of protection from fire]

   Str:       It affects your strength (+2).
   Slay:      It affects your accuracy & damage with ranged weapons and melee
   (+6).
   rF:        It protects you from fire.
   SInv:      It lets you see invisible.
 Y - a ring of flight
   (You took it off a deep elf sorcerer on level 3 of the Elven Halls)
Wands
 i - a wand of flame (130)
   (You found it on level 4 of the Dungeon)
 l - a wand of acid (13)
   (You found it on level 1 of the Elven Halls)
 o - a wand of charming (20)
   (You found it on level 4 of the Snake Pit)
 B - a wand of digging (9)
   (You took it off Joseph on level 10 of the Dungeon)
 E - a wand of mindburst (10)
   (You found it on level 3 of the Swamp)
 H - a wand of paralysis (21)
   (You found it on level 2 of the Lair of Beasts)
 X - a wand of iceblast (53)
   (You found it on level 6 of the Lair of Beasts)
Scrolls
 f - 10 scrolls of noise {!r}
 h - 8 scrolls of magic mapping {!r}
 k - 5 scrolls of fog
 m - 12 scrolls of blinking {!r}
 s - 13 scrolls of teleportation {@r4}
 t - 4 scrolls of poison {!r}
 A - 14 scrolls of immolation {!r!r}
 D - 4 scrolls of silence {!r}
 I - a scroll of vulnerability {!r!r}
 Q - 24 scrolls of identify {@r1}
 S - 11 scrolls of fear
 W - 2 scrolls of summoning
Potions
 d - 8 potions of might
 j - 5 potions of attraction {!q}
 n - a potion of berserk rage {!q}
 q - 2 potions of resistance
 r - 4 potions of ambrosia
 u - 6 potions of invisibility
 v - 24 potions of curing {@q1}
 w - 8 potions of haste {@q3}
 x - 5 potions of mutation {!q}
 N - 10 potions of magic
 R - 2 potions of cancellation
Miscellaneous
 e - a phantom mirror
   (You found it on level 3 of the Elven Halls)
 g - a phial of floods
   (You found it on level 14 of the Dungeon)
 z - a tin of tremorstones (2/2) {throwing}
   (You found it on level 14 of the Dungeon)
 V - a condenser vane
   (You found it on level 5 of the Lair of Beasts)

Dungeon Overview and Level Annotations

Branches:
Dungeon (15/15)            Temple (1/1) D:5            Lair (6/6) D:10
  Swamp (4/4) Lair:3        Snake (4/4) Lair:2        Slime (0/5) Lair:6
    Orc (2/2) D:9             Elf (3/3) Orc:2        Vaults (5/5) D:14
  Crypt (3/3) Vaults:3       Tomb (0/3) Crypt:3      Depths (4/4) D:15
    Zot (0/5) Depths:4      Sewer (visited)

Altars:
Ashenzari
Cheibriados
Dithmenos
Elyvilon
Fedhas
Gozag
Hepliaklqana
Kikubaaqudgha
Makhleb
Nemelex Xobeh
Okawaru
Qazlal
Ru
Sif Muna
Trog
Uskayaw
Vehumet
Wu Jian
Xom
Yredelemnul
Zin
The Shining One
Beogh

Shops:
D:8 (   D:12 *   Orc:1 *   Orc:2 (*[:   Elf:2 [   Elf:3 **   Snake:1 [(
Vaults:3 :   Depths:3 :==*

Portals:
Hell: Depths:1 Depths:2 Depths:3 Depths:4
Abyss: Depths:1 Depths:2 Depths:3
Pandemonium: Depths:1 Depths:2 Depths:4
Ziggurat: Depths:4

Annotations:
D:6 1 runed translucent door, Crazy Yiuf
D:8 3 runed translucent doors, attentat's ghost, novice DsNe
D:9 exclusion: orange crystal statue
D:10 1 exclusion
Swamp:2 1 runed translucent door, Fefob's ghost, adept TeWn
Elf:2 3 runed translucent doors, exclusion: downstairs
Elf:3 3 runed translucent doors, exclusion: obsidian statue, Pooter's ghost, adept MiBe
Vaults:4 exclusion: 2 downstairs

#########################
......).C................
......9D@..........).....
#......F.################
.......c#.# ..#....#...#
## # #.... #...# ##.
#.... ....# ###.# #....
....# ##).## #.... #..##
#...[# #)...#


You could see an iron dragon (catching breath), a yaktaur captain, an ettin
(confused), a war gargoyle (catching breath) and a bullfrog shaped shifter.


Message History

Your blood is infused with primal strength.
The warg changes into a fire bat!
The yaktaur captain shoots a bolt.
The bolt misses you.
Unknown command.
The fire bat changes into a scorpion!
An iron dragon comes into view.
The yaktaur captain shoots a bolt.
You reflect the bolt off an invisible shield around you!
The bolt hits the yaktaur captain!!
The war gargoyle launches metal splinters at you.
The spray of metal splinters hits you!!
An ettin comes into view. It is wielding two +0 dire flails.
The ettin shouts in stereo!
The scorpion changes into a swamp drake!
A yaktaur captain comes into view.
The yaktaur captain shoots a bolt.
You reflect the bolt off an invisible shield around you!
The bolt hits the yaktaur captain!!
The war gargoyle launches metal splinters at you.
The spray of metal splinters misses you.
You puncture the yaktaur captain!
You feel a bit better.
You kill the yaktaur captain!
The war gargoyle hits you with a +0 morningstar!!
You puncture the war gargoyle!
You bite the war gargoyle, but do no damage.
The ettin hits you with a +0 dire flail!
You block the ettin's attack. You block the war gargoyle's attack.
You hit the war gargoyle.
You bite the war gargoyle, but do no damage.
The swamp drake breathes poison at you. The noxious blast misses you.
You hit the war gargoyle but do no damage.
You are engulfed in noxious fumes.
The swamp drake changes into a naga!
The war gargoyle launches metal splinters at you.
The spray of metal splinters hits you!!!
The spray of metal splinters hits Hank!!
The ettin is engulfed in noxious fumes.
The ettin hits you with a +0 dire flail!!
* * * LOW HITPOINT WARNING * * *
You block the ettin's attack.
The yaktaur captain wields a +0 arbalest.
The yaktaur captain shoots a bolt.
You reflect the bolt off an invisible shield around you!
The bolt hits the yaktaur captain!!!
You are too injured to fight recklessly!
You are too injured to fight recklessly!
You are too injured to fight recklessly!
Unknown command.
You hit the war gargoyle but do no damage.
You bite the war gargoyle. You drain its power.
You feel invigorated.
You are engulfed in noxious fumes.
Unknown command.
You hit the war gargoyle but do no damage.
You bite the war gargoyle. You drain its power.
You feel invigorated.
You howl as the wereblood boils in your veins!
You are engulfed in noxious fumes.
You block the war gargoyle's attack.
You puncture the war gargoyle!
You bite the war gargoyle, but do no damage.
You are engulfed in noxious fumes.
You choke on the stench!
You are confused.
The ettin is engulfed in noxious fumes.
The ettin appears confused.
Hank hits the war gargoyle but does no damage.
The naga hits Hank!
The yaktaur captain shoots a bolt.
The bolt closely misses Hank.
The bolt misses you.
You're too confused to move!
You are engulfed in noxious fumes.
The war gargoyle hits you with a +0 morningstar!
* * * LOW HITPOINT WARNING * * *
Hank closely misses the naga.
The ettin is engulfed in noxious fumes.
Hank points at the naga and mumbles some strange words.
The naga resists with significant effort.
The yaktaur captain shoots a bolt.
The bolt hits Hank!!!
The naga hits Hank!
The war gargoyle closely misses you.
Unknown command.
You puncture the war gargoyle! Your bite misses the war gargoyle.
You howl as the wereblood boils in your veins!
You are engulfed in noxious fumes.
You choke on the stench!
You are more confused.
The iron dragon completely misses you. The iron dragon barely misses you.
The iron dragon misses you.
You're too confused to move!
The naga changes into a bullfrog!
The war gargoyle completely misses you.
The ettin barely misses you. x2; Hank barely misses the bullfrog.
The yaktaur captain shoots a bolt.
The bolt hits Hank!!!
Hank is destroyed!
The war gargoyle closely misses you.
The iron dragon breathes metal splinters at you.
The spray of metal splinters misses you.
You hear a shout!
The ettin closely misses you. x2
The war gargoyle launches metal splinters at you.
The spray of metal splinters hits you!!!
* * * LOW HITPOINT WARNING * * *
The yaktaur captain shoots a bolt.
The bolt hits you!!
* * * LOW HITPOINT WARNING * * *
Unknown command.
You puncture the ettin! You bite the ettin. You drain its power.
You feel invigorated. The bullfrog closely misses you.
The ettin hits you with a +0 dire flail!!!
You die...

Skill      XL: |  1  2  3  4  5  6  7  8  9 10 11 12 13 14 15 16 17 18 19 20 21 22 23 24 25 |
---------------+----------------------------------------------------------------------------+-----
Stealth        | 1 2 3 4 5 8 9 11 12 13 14 16 17 19 21 22 25 | 25.4
Short Blades   | 2 3 4 5 7 8 |  8.0
Fighting       | 3 4 5 6 7 8 9 11 13 14 15 16 17 18 20 21 22 24 | 24.0
Armour         | 3 5 6 7 8 9 |  9.0
Dodging        | 1 4 5 7 9 10 11 12 13 14 16 17 | 17.0
Invocations    | 3 4 6 8 |  8.0
Shields        | 4 5 9 10 13 15 | 15.0
Spellcasting   | 3 6 |  6.0
Evocations     | 3 6 7 |  7.0
Translocations | 4 7 |  7.0
Transmutations | 5 6 |  6.0
Earth Magic    | 3 |  3.0

Action                   |  1- 3 |  4- 6 |  7- 9 | 10-12 | 13-15 | 16-18 | 19-21 | 22-24 | 25-27 || total
-------------------------+-------+-------+-------+-------+-------+-------+-------+-------+-------++-------
Melee: Rapier            |    10 |       |       |       |       |       |       |       |       ||    10
       Bite              |    17 |    56 |    54 |   175 |   580 |   580 |   713 |   883 |   160 ||  3218
       Short sword       |    56 |   127 |       |       |       |       |       |       |       ||   183
       Quick blade       |       |    82 |   242 |   517 |  1336 |  1305 |  1385 |  1542 |   265 ||  6674
 Fire: Hunting sling     |    29 |    61 |       |       |       |       |       |       |       ||    90
       Hand crossbow     |       |    43 |    62 |    64 |    45 |    12 |     2 |       |       ||   228
Throw: Stone             |     4 |       |     1 |       |       |       |       |       |       ||     5
       Dart              |       |       |     7 |       |       |       |       |       |       ||     7
 Cast: Wereblood         |       |       |       |       |       |       |       |    23 |     5 ||    28
Invok: Ancestor Identity |       |       |     1 |       |       |       |     1 |       |       ||     2
       Ancestor Life: He |       |       |       |     1 |       |       |       |       |       ||     1
       Recall Ancestor   |       |       |       |       |     7 |     8 |     3 |     5 |       ||    23
       Idealise          |       |       |       |       |     1 |     1 |       |     1 |       ||     3
       Transference      |       |       |       |       |       |     1 |       |       |       ||     1
  Use: Scroll            |       |    12 |    14 |     9 |     1 |    10 |     1 |     2 |       ||    49
       Potion            |       |     1 |       |     1 |       |     1 |       |       |       ||     3
 Stab: Distracted        |       |       |     1 |     5 |    16 |    11 |    16 |    32 |     3 ||    84
       Sleeping          |       |       |       |    13 |     9 |    18 |    20 |    31 |     1 ||    92
       Confused          |       |       |       |    15 |    13 |     5 |    74 |    85 |    15 ||   207
       Paralysed         |       |       |       |       |    23 |    27 |    59 |    45 |     2 ||   156
Armor: Scale mail        |    21 |    67 |    62 |       |       |       |       |       |       ||   150
       Acid dragon scale |       |       |     1 |    38 |       |       |       |       |       ||    39
       Swamp dragon scal |       |       |       |    21 |   164 |       |       |       |       ||   185
       Fire dragon scale |       |       |       |       |    40 |    76 |       |       |       ||   116
       Robe              |       |       |       |       |       |   108 |    76 |    69 |     7 ||   260
Dodge: Dodged            |    23 |    87 |    43 |   106 |   246 |   270 |   249 |   279 |    75 ||  1378
Block: Buckler           |    14 |    48 |    38 |   126 |   302 |   248 |       |       |       ||   776
       Reflection        |       |       |       |     9 |     6 |    18 |    61 |    32 |    19 ||   145
       Kite shield       |       |       |       |       |       |   118 |   676 |   745 |   125 ||  1664

Levels and vault maps discovered:
D:1:      mrwooster_arrival_statue_2, layout_loops_cross
D:2:      layout_loops_ring, chequers_ecumenical_altar_simple, basic_altar,
          chequers_arboretum, grunt_ministairs_8
D:3:      layout_loops_ring, lightli_temple_of_fire,
          cheibrodos_sewer_entry_sluice
D:4:      minmay_chambers_of_threes, layout_loops_cross,
          gammafunk_ghost_gnarly_gnolls
D:5:      layout_rooms, minmay_temple_entry_hall
D:6:      layout_gridville, chequers_temple_overflow_minitemple,
          mainiacjoe_overflow_catwalk, uniq_crazy_yiuf_cottage
D:7:      minmay_chambers_of_sixes, layout_rooms, hangedman_decor_riveting,
          chequers_avenue, moated_statue
D:8:      layout_basic, gammafunk_ghost_split, serial_shops,
          nicolae_shop_crystal
D:9:      layout_roguey, orc_0_dummy, nicolae_water_bricks, minivault_16
D:10:     minmay_the_grid_triangle_9x9_rhombus_thin
          [minmay_the_grid_triangle_9x9_descending_squares,
          minmay_the_grid_triangle_9x9_prize_top_heavy,
          minmay_the_grid_triangle_9x9_minimal,
          minmay_the_grid_triangle_9x9_limited_checkers], layout_basic,
          lair_entry_dummy, uniq_harold, uniq_joseph
D:11:     layout_layer_cave, nemelex_xobeh_ov_fountains_minmay
D:12:     layout_long_grid, portal_ice_cave_entry_imps, guppyfry_shop_earth
D:13:     layout_irregular_city
D:14:     minmay_tile_spiral, layout_basic, grunt_vaults_entry_tiered,
          serial_co_window_serial, co_window_paths_b,
          co_window_of_opportunity_a, co_window_corner_a, co_window_paths_a,
          co_window_paths_a, co_window_paths_a, co_window_paths_a,
          co_window_paths_b, co_window_paths_a, co_window_corner_b,
          co_window_broadway_a, co_window_unsneaky_path_e,
          co_window_unsneaky_path_a, uniq_nessos, uniq_jorgrun
D:15:     hangedman_depths_entry_civil_slaughter, layout_cave_pods,
          serial_park_gazebo [serial_park_minivault_5x5_1]
Temple:   regret_index_temple_generic_petals
Lair:1:   layout_loops_ring, lemuel_centaur_altar, uniq_maggie, uniq_gastronok
Lair:2:   layout_regular_city, dummy_snake_entry, enter_volcano_1, st_stairs_13,
          hangedman_lair_unloving_vines
Lair:3:   layout_misc_corridors, swamp_mist
Lair:4:   layout_loops_ring
Lair:5:   layout_loops_ring
Lair:6:   grunt_lair_end_beastmaster, layout_misc_corridors,
          minmay_slime_entry_oklob_open, basic_altar,
          nicolae_quartered_pool_little
Swamp:1:  layout_basic_swamp, nicolae_swamp_decorative_isthmus, uniq_nikola
Swamp:2:  layout_basic_swamp, ebering_ghost_reflecting_pool,
          nicolae_swamp_tree_isthmus
Swamp:3:  layout_falls_marsh, hangedman_swamp_ruin_wall
Swamp:4:  swamp_vile, layout_basic_swamp
Snake:1:  layout_gridlike, gammafunk_ghost_cemetery, lemuel_fruit_tree,
          minmay_shop_star
Snake:2:  layout_rooms, uniq_asterion
Snake:3:  layout_onion, uniq_louise, uniq_aizul, uniq_bai_suzhen
Snake:4:  grunt_snake_rune_spirals, layout_onion,
          nicolae_snake_round_shape_thing, grunt_ministairs_5
Orc:1:    layout_caves, nicolae_specific_store
Orc:2:    grunt_orc_cross, layout_diamond_mine,
          gammafunk_ghost_berserking_beasts, elf_legates
Elf:1:    layout_geoelf_diagonals, minmay_elf_annihilation
Elf:2:    nicolae_elf_blades_splatter_lattice
          [nicolae_blade_entry_crossed_weapons], layout_geoelf_grid,
          serial_shops, nicolae_diamond_shop, grunt_ministairs_3,
          nicolae_elf_glassroom_feature
Elf:3:    grunt_elf_hall_spiral, layout_rooms, ebering_ghost_gozag
Vaults:1: nicolae_vaults_network_barrier, grunt_vaults_diagonal,
          grunt_vaults_hallway_short, grunt_vaults_twisty,
          nicolae_vaults_little_squares_2, v_rooms_4, ontoclasm_vaults_pinch,
          hangedman_vaults_slice, hangedman_vaults_stagger, v_misc_27,
          v_misc_13, nicolae_vaults_little_squares_3,
          nicolae_vaults_little_squares_4, hangedman_vaults_stretched_pinwheel,
          layout_vaults_maze_bifur
Vaults:2: hangedman_vaults_impose, nicolae_vaults_triangles,
          nicolae_vaults_network_star, vaults_mumra_hex,
          nicolae_vaults_know_your_exits, v_misc_26, v_misc_1,
          vaults_room_door_hall, nicolae_vaults_theta,
          vaults_room_stairs_pillars, v_alt_pattern_1,
          nicolae_vaults_little_squares_5, nicolae_vaults_circle_grid_b,
          vaults_dpeg_ring, nicolae_vaults_little_squares_1,
          layout_vaults_omnibox
Vaults:3: minmay_crypt_entry_simple_corners, ontoclasm_vaults_idyll,
          hangedman_vaults_stream, ontoclasm_vaults_tryst, sword_in_stone,
          vaults_dpeg_doors, v_misc_1, dpeg_vaults_monster_box,
          layout_vaults_chaotic_city, serial_shops, nicolae_shop_stone
Vaults:4: vaults_room_grid, vaults_dpeg_cross, v_rooms_3,
          hangedman_vaults_nodes, v_misc_11, ontoclasm_vaults_ring_large,
          ontoclasm_vaults_eye, v_pattern_5,
          nicolae_vaults_windows_and_doors_thing, v_misc_25,
          nicolae_vaults_meeting, layout_vaults_omnicross
Vaults:5
Crypt:1:  layout_chaotic_city, basic_altar, grunt_megastairs_5, uniq_margery
Crypt:2:  layout_chaotic_city
Crypt:3:  cryptofortress_bobbens
Depths:1: layout_gridlike, chequers_serial_rivers_room_b, hellmouth_3,
          hangedman_abyss_entry_splay, pan_entry, serial_bayou_pond_d,
          grunt_dithmenos_smoke_and_mirrors
Depths:2: minmay_fractal_lines_corner, layout_honeycomb,
          minmay_tree_intersection, grunt_hell_entry_dis_mu,
          rand_demon_pan_entry_8, abyss_entry, abandoned_shop,
          minmay_misc_feat_five, serial_bayou_shore_a
Depths:3: evilmike_cross, layout_gridlike, hell_entry, abyss_entry,
          minmay_misc_feat_cross, zin_purify, minmay_shop_grove,
          infiniplex_staircase_pillars_2
Depths:4: evilmike_zot_entry_hall, layout_cave_shapes, enter_ziggurat_a,
          old_standard_altar, hell_entry, rand_demon_pan_entry_1,
          minmay_checkered_concentric_circles

Notes
Turn   | Place    | Note
-------+----------+-------------------------------------------
     0 | D:1      | Sobieck the Vine Stalker Fighter began the quest for the
                  | Orb.
     0 | D:1      | Reached XP level 1. HP: 11/11 MP: 2/2
    48 | D:1      | Reached skill level 1 in Stealth
    52 | D:1      | HP: 2/11 [poisoned by a kobold]
   361 | D:1      | Reached skill level 2 in Short Blades
   361 | D:1      | Reached XP level 2. HP: 16/16 MP: 3/3
   585 | D:1      | Reached skill level 3 in Fighting
   727 | D:1      | Reached XP level 3. HP: 19/20 MP: 2/4
  1024 | D:2      | Reached skill level 2 in Stealth
  1669 | D:2      | Gained mutation: Your natural rate of healing is unusually
                  | fast. [Vine Stalker growth]
  1669 | D:2      | Reached XP level 4. HP: 24/24 MP: 5/5
  1788 | D:2      | Found a basalt altar of Yredelemnul.
  1913 | D:2      | Found a faded altar of an unknown god.
  2063 | D:3      | Found a glowing drain.
  2089 | Sewer    | Entered a sewer
  2199 | Sewer    | Reached XP level 5. HP: 28/28 MP: 6/6
  2218 | Sewer    | Reached skill level 3 in Stealth
  2334 | Sewer    | Reached skill level 3 in Armour
  2557 | Sewer    | Reached skill level 3 in Short Blades
  3543 | D:3      | Found a burning altar of Makhleb.
  3946 | D:4      | Identified a scroll of acquirement
  3946 | D:4      | Acquired a +4 quick blade
  3947 | D:4      | p - a +4 quick blade {shortrare=g}
  3948 | D:4      | p - a +4 quick blade {shortrare=g}
  3948 | D:4      | p - a +4 quick blade {shortrare=g}
  3948 | D:4      | a - a +4 quick blade {shortrare=g}
  3948 | D:4      | a - a +4 quick blade (weapon) {shortrare=g}
  4101 | D:4      | a - a +4 quick blade (weapon) {shortrare=g}
  4107 | D:4      | a - a +4 quick blade {shortrare=g}
  4107 | D:4      | a - a +4 quick blade {shortrare=g}
  4172 | D:4      | a - a +4 quick blade (weapon) {shortrare=g}
  4178 | D:4      | Reached XP level 6. HP: 33/33 MP: 7/7
  4192 | D:4      | a - a +4 quick blade (weapon) {shortrare=g}
  4199 | D:4      | a - a +4 quick blade (weapon) {shortrare=g}
  4217 | D:4      | a - a +4 quick blade (weapon) {shortrare=g}
  4220 | D:4      | Reached skill level 4 in Fighting
  4220 | D:4      | Reached skill level 4 in Stealth
  4222 | D:4      | a - a +4 quick blade (weapon) {shortrare=g}
  4236 | D:4      | a - a +4 quick blade (weapon) {shortrare=g}
  4245 | D:4      | a - a +4 quick blade (weapon) {shortrare=g}
  4499 | D:4      | Found a transporter.
  4506 | D:4      | Noticed Bediveer's ghost (novice GrMo)
  4553 | D:4      | Found a transporter.
  4596 | D:5      | Entered Level 5 of the Dungeon
  4598 | D:5      | Noticed a black bear
  4602 | D:4      | a - a +4 quick blade (weapon) {shortrare=g}
  4658 | D:5      | a - a +4 quick blade (weapon) {shortrare=g}
  4747 | D:5      | Found a staircase to the Ecumenical Temple.
  4753 | D:5      | a - a +4 quick blade (weapon) {shortrare=g}
  4763 | D:5      | Reached skill level 4 in Short Blades
  4763 | D:5      | Reached XP level 7. HP: 36/38 MP: 6/8
  4772 | Temple   | Entered the Ecumenical Temple
  5033 | Temple   | Became a worshipper of Hepliaklqana the Forgotten
  5071 | D:5      | a - a +4 quick blade (weapon) {shortrare=g}
  5122 | D:5      | a - a +4 quick blade (weapon) {shortrare=g}
  5132 | D:5      | Reached skill level 5 in Stealth
  5158 | D:5      | a - a +4 quick blade (weapon) {shortrare=g}
  5190 | D:5      | a - a +4 quick blade (weapon) {shortrare=g}
  5198 | D:5      | Reached skill level 5 in Short Blades
  5355 | D:4      | a - a +4 quick blade (weapon) {shortrare=g}
  5394 | D:5      | a - a +4 quick blade (weapon) {shortrare=g}
  5408 | D:5      | Reached skill level 5 in Fighting
  5408 | D:5      | Gained mutation: You have razor-sharp teeth. [Vine Stalker
                  | growth]
  5408 | D:5      | Reached XP level 8. HP: 43/43 MP: 9/9
  5546 | D:5      | You fall into a shaft and drop 2 floors!
  5581 | D:7      | Reached skill level 6 in Stealth
  5595 | D:8      | Found a runed translucent gate.
  5598 | D:8      | Found a runed translucent gate.
  5600 | D:8      | Found a runed translucent gate.
  5600 | D:8      | Noticed a death knight
  5600 | D:8      | Noticed attentat's ghost (novice DsNe)
  5637 | D:7      | a - a +4 quick blade (weapon) {shortrare=g}
  5757 | D:7      | a - a +4 quick blade (weapon) {shortrare=g}
  5769 | D:7      | a - a +4 quick blade (weapon) {shortrare=g}
  5928 | D:6      | a - a +4 quick blade (weapon) {shortrare=g}
  5943 | D:6      | Reached skill level 6 in Short Blades
  5973 | D:5      | your +4 quick blade {shortrare=g} crackles with
                  | electricity.
  5973 | D:5      | a - a +4 quick blade of electrocution (weapon)
                  | {shortrare=g}
  6016 | D:6      | Found a glowing silver altar of Zin.
  6023 | D:6      | your +4 quick blade of electrocution {shortrare=g} stops
                  | crackling.
  6037 | D:5      | a - a +4 quick blade of electrocution (weapon)
                  | {shortrare=g}
  6124 | D:6      | your +4 quick blade of electrocution {shortrare=g} stops
                  | crackling.
  6142 | D:6      | a - a +4 quick blade of electrocution (weapon)
                  | {shortrare=g}
  6161 | D:6      | your +4 quick blade of electrocution {shortrare=g} stops
                  | crackling.
  6174 | D:5      | a - a +4 quick blade of electrocution (weapon)
                  | {shortrare=g}
  6207 | D:6      | your +4 quick blade of electrocution {shortrare=g} stops
                  | crackling.
  6215 | D:5      | a - a +4 quick blade of electrocution (weapon)
                  | {shortrare=g}
  6319 | D:6      | Identified the +10 mace "Wodek" {elec, rElec Str+2}
  6326 | D:6      | Found a runed translucent door.
  6327 | D:6      | Noticed Crazy Yiuf
  6329 | D:6      | Identified the +2 mace of the Threshing Gods {protect,
                  | Fragile rPois rF+++ Will+}
  6354 | D:6      | your +4 quick blade of electrocution {shortrare=g} stops
                  | crackling.
  6357 | D:6      | a - a +4 quick blade of electrocution (weapon)
                  | {shortrare=g}
  6360 | D:6      | your +4 quick blade of electrocution {shortrare=g} stops
                  | crackling.
  6378 | D:6      | a - a +4 quick blade of electrocution (weapon)
                  | {shortrare=g}
  6380 | D:6      | your +4 quick blade of electrocution {shortrare=g} stops
                  | crackling.
  6424 | D:6      | a - a +4 quick blade of electrocution (weapon)
                  | {shortrare=g}
  6430 | D:6      | Reached skill level 7 in Stealth
  6430 | D:6      | your +4 quick blade of electrocution {shortrare=g} stops
                  | crackling.
  6475 | D:6      | a - a +4 quick blade of electrocution (weapon)
                  | {shortrare=g}
  6477 | D:6      | your +4 quick blade of electrocution {shortrare=g} stops
                  | crackling.
  6490 | D:6      | a - a +4 quick blade of electrocution (weapon)
                  | {shortrare=g}
  6493 | D:6      | your +4 quick blade of electrocution {shortrare=g} stops
                  | crackling.
  6509 | D:6      | You pick up a book of Party Tricks and begin reading...
  6509 | D:6      | You add the spells Apportation and Alistair's Intoxication
                  | to your library.
  6538 | D:6      | Found a sparkling altar of Nemelex Xobeh.
  6538 | D:6      | Found a basalt altar of Yredelemnul.
  6544 | D:6      | Found a hide-covered altar of Uskayaw.
  6546 | D:6      | Found an opulent altar of Gozag.
  6548 | D:6      | Found a radiant altar of Vehumet.
  6612 | D:6      | a - a +4 quick blade of electrocution (weapon)
                  | {shortrare=g}
  6666 | D:7      | Reached * piety under Hepliaklqana
  6854 | D:7      | Noticed a two-headed ogre
  6855 | D:7      | Noticed a gargoyle
  6954 | D:7      | your +4 quick blade of electrocution {shortrare=g} stops
                  | crackling.
  6998 | D:7      | a - a +4 quick blade of electrocution (weapon)
                  | {shortrare=g}
  7048 | D:7      | Killed a two-headed ogre
  7049 | D:7      | Reached skill level 6 in Fighting
  7049 | D:7      | Reached skill level 7 in Short Blades
  7049 | D:7      | Reached skill level 8 in Stealth
  7049 | D:7      | Reached XP level 9. HP: 29/43 MP: 10/10
  7152 | D:7      | your +4 quick blade of electrocution {shortrare=g} stops
                  | crackling.
  7265 | D:9      | Noticed an orange crystal statue
  7344 | D:8      | a - a +4 quick blade of electrocution (weapon)
                  | {shortrare=g}
  7487 | D:8      | Noticed a hornet
  7487 | D:8      | Noticed a hornet
  7495 | D:8      | Killed a hornet
  7496 | D:8      | Reached skill level 8 in Short Blades
  7501 | D:8      | Paralysed by a hornet for 3 turns
  7506 | D:8      | Killed a hornet
  7507 | D:8      | Reached skill level 9 in Stealth
  7619 | D:8      | You pick up a book of Maledictions and begin reading...
  7619 | D:8      | You add the spells Anguish and Enfeeble to your library.
  7707 | D:8      | Reached skill level 7 in Fighting
  7850 | D:8      | your +4 quick blade of electrocution {shortrare=g} stops
                  | crackling.
  7897 | D:8      | Found Semutsath's Weapon Emporium.
  7927 | D:8      | a - a +4 quick blade of electrocution (weapon)
                  | {shortrare=g}
  7932 | D:8      | Reached skill level 1 in Dodging
  7973 | D:8      | your +4 quick blade of electrocution {shortrare=g} stops
                  | crackling.
  8191 | D:9      | a - a +4 quick blade of electrocution (weapon)
                  | {shortrare=g}
  8196 | D:9      | Reached XP level 10. HP: 49/49 MP: 11/11
  8209 | D:8      | your +4 quick blade of electrocution {shortrare=g} glows
                  | red for a moment.
  8249 | D:9      | your +5 quick blade of electrocution {shortrare=g} stops
                  | crackling.
  8302 | D:9      | Reached ** piety under Hepliaklqana
  8306 | D:9      | a - a +5 quick blade of electrocution (weapon)
                  | {shortrare=g}
  8309 | D:9      | Remembered your ancestor Hank as a hexer
  8329 | D:9      | your +5 quick blade of electrocution {shortrare=g} stops
                  | crackling.
  8332 | D:9      | a - a +5 quick blade of electrocution (weapon)
                  | {shortrare=g}
  8372 | D:9      | your +5 quick blade of electrocution {shortrare=g} stops
                  | crackling.
  8435 | D:9      | Identified the +1 scale mail "Xuhig" {rElec rC- Str+5}
  8455 | D:9      | a - a +5 quick blade of electrocution (weapon)
                  | {shortrare=g}
  8467 | D:9      | your +5 quick blade of electrocution {shortrare=g} stops
                  | crackling.
  8526 | D:9      | a - a +5 quick blade of electrocution (weapon)
                  | {shortrare=g}
  8532 | D:9      | Reached skill level 2 in Dodging
  8540 | D:9      | your +5 quick blade of electrocution {shortrare=g} stops
                  | crackling.
  8559 | D:9      | Found a staircase to the Orcish Mines.
  8589 | D:9      | a - a +5 quick blade of electrocution (weapon)
                  | {shortrare=g}
  8614 | D:9      | your +5 quick blade of electrocution {shortrare=g} stops
                  | crackling.
  8700 | D:9      | a - a +5 quick blade of electrocution (weapon)
                  | {shortrare=g}
  8725 | D:9      | your +5 quick blade of electrocution {shortrare=g} stops
                  | crackling.
  9011 | D:10     | Entered Level 10 of the Dungeon
  9079 | D:10     | Noticed a gargoyle
  9083 | D:10     | a - a +5 quick blade of electrocution (weapon)
                  | {shortrare=g}
  9110 | D:10     | Killed a gargoyle
  9111 | D:10     | Reached skill level 4 in Armour
  9111 | D:10     | Reached skill level 10 in Stealth
  9171 | D:10     | your +5 quick blade of electrocution {shortrare=g} stops
                  | crackling.
  9221 | D:10     | Noticed a two-headed ogre
  9224 | D:10     | a - a +5 quick blade of electrocution (weapon)
                  | {shortrare=g}
  9235 | D:10     | Killed a two-headed ogre
  9259 | D:10     | Found a staircase to the Lair.
  9317 | D:10     | Reached skill level 3 in Dodging
  9327 | D:10     | Noticed Joseph
  9337 | D:10     | Killed Joseph
  9338 | D:10     | Reached skill level 8 in Fighting
  9457 | D:10     | Noticed a two-headed ogre
  9458 | D:10     | your +5 quick blade of electrocution {shortrare=g} stops
                  | crackling.
  9469 | D:10     | a - a +5 quick blade of electrocution (weapon)
                  | {shortrare=g}
  9471 | D:10     | Killed a two-headed ogre
  9473 | D:10     | your +5 quick blade of electrocution {shortrare=g} stops
                  | crackling.
  9490 | D:10     | a - a +5 quick blade of electrocution (weapon)
                  | {shortrare=g}
  9494 | D:10     | your +5 quick blade of electrocution {shortrare=g} stops
                  | crackling.
  9501 | D:10     | a - a +5 quick blade of electrocution (weapon)
                  | {shortrare=g}
  9502 | D:10     | your +5 quick blade of electrocution {shortrare=g} stops
                  | crackling.
  9508 | D:10     | a - a +5 quick blade of electrocution (weapon)
                  | {shortrare=g}
  9511 | D:10     | your +5 quick blade of electrocution {shortrare=g} stops
                  | crackling.
  9562 | D:10     | a - a +5 quick blade of electrocution (weapon)
                  | {shortrare=g}
  9567 | D:10     | your +5 quick blade of electrocution {shortrare=g} stops
                  | crackling.
  9570 | D:10     | a - a +5 quick blade of electrocution (weapon)
                  | {shortrare=g}
  9713 | D:10     | Reached skill level 5 in Armour
  9717 | D:10     | Noticed Harold
  9718 | D:10     | Killed Harold
  9719 | D:10     | Reached skill level 4 in Dodging
  9719 | D:10     | Reached skill level 11 in Stealth
  9719 | D:10     | Reached XP level 11. HP: 54/54 MP: 12/12
  9779 | D:10     | Noticed a cyclops
  9779 | D:10     | Noticed an orc knight
  9779 | D:10     | Noticed a death knight
  9779 | D:10     | Noticed a deep elf pyromancer
  9779 | D:10     | Noticed a manticore
  9779 | D:10     | Noticed a centaur warrior
  9920 | D:11     | Noticed a manticore
  9932 | D:11     | Killed a manticore
 10042 | D:11     | Noticed a two-headed ogre
 10043 | D:11     | your +5 quick blade of electrocution {shortrare=g} stops
                  | crackling.
 10047 | D:11     | a - a +5 quick blade of electrocution (weapon)
                  | {shortrare=g}
 10056 | D:11     | Killed a two-headed ogre
 10185 | D:11     | Reached *** piety under Hepliaklqana
 10186 | D:11     | Found a sparkling altar of Nemelex Xobeh.
 10190 | D:11     | You pick up a book of the Warp and begin reading...
 10190 | D:11     | You add the spells Dispersal and Disjunction to your
                  | library.
 10942 | D:12     | Reached skill level 1 in Invocations
 11013 | D:12     | Found Oruf's Pet Rocks.
 11049 | D:12     | Reached skill level 9 in Fighting
 11049 | D:12     | Noticed a green ugly thing
 11056 | D:12     | Noticed a red ugly thing
 11089 | D:12     | Noticed a manticore
 11155 | Lair:1   | Entered Level 1 of the Lair of Beasts
 11221 | Lair:1   | Reached skill level 2 in Invocations
 11235 | Lair:1   | Reached skill level 5 in Dodging
 11235 | Lair:1   | Reached skill level 12 in Stealth
 11237 | Lair:1   | Reached skill level 6 in Armour
 11298 | Lair:1   | Noticed Gastronok
 11414 | Lair:1   | Reached skill level 3 in Invocations
 11473 | Lair:1   | Reached XP level 12. HP: 60/60 MP: 15/15
 11485 | Lair:1   | Found a shimmering blue altar of Sif Muna.
 11555 | Lair:1   | your +5 quick blade of electrocution {shortrare=g} glows
                  | red for a moment.
 11565 | Lair:1   | Noticed Maggie
 11608 | Lair:1   | Killed Maggie
 11783 | Lair:1   | Reached skill level 4 in Invocations
 12067 | Lair:1   | Killed Gastronok
 12068 | Lair:1   | Reached skill level 6 in Dodging
 12171 | Lair:2   | Found a staircase to the Snake Pit.
 12220 | Lair:2   | Reached skill level 7 in Armour
 12268 | Lair:2   | Reached skill level 10 in Fighting
 12275 | Lair:2   | Reached **** piety under Hepliaklqana
 12374 | Lair:2   | your +6 quick blade of electrocution {shortrare=g} stops
                  | crackling.
 12431 | Lair:2   | Found a dark tunnel.
 12447 | Lair:2   | a - a +6 quick blade of electrocution (weapon)
                  | {shortrare=g}
 12452 | Lair:2   | your +6 quick blade of electrocution {shortrare=g} stops
                  | crackling.
 12454 | Lair:2   | a - a +6 quick blade of electrocution (weapon)
                  | {shortrare=g}
 12459 | Lair:2   | Noticed a four-headed hydra
 12463 | Lair:2   | your +6 quick blade of electrocution {shortrare=g} stops
                  | crackling.
 12467 | Lair:2   | a - a +6 quick blade of electrocution (weapon)
                  | {shortrare=g}
 12473 | Lair:2   | Killed a four-headed hydra
 12498 | Lair:2   | your +6 quick blade of electrocution {shortrare=g} stops
                  | crackling.
 12518 | Lair:2   | a - a +6 quick blade of electrocution (weapon)
                  | {shortrare=g}
 12527 | Lair:2   | Reached skill level 7 in Dodging
 12527 | Lair:2   | your +6 quick blade of electrocution {shortrare=g} stops
                  | crackling.
 12540 | Lair:2   | Found the +2 Maxwell's thermic engine {flame, freeze}
 12737 | Lair:2   | a - a +6 quick blade of electrocution (weapon)
                  | {shortrare=g}
 12742 | Lair:2   | your +6 quick blade of electrocution {shortrare=g} stops
                  | crackling.
 13081 | Lair:3   | a - a +6 quick blade of electrocution (weapon)
                  | {shortrare=g}
 13082 | Lair:3   | your +6 quick blade of electrocution {shortrare=g} stops
                  | crackling.
 13088 | Lair:3   | a - a +6 quick blade of electrocution (weapon)
                  | {shortrare=g}
 13112 | Lair:3   | your +6 quick blade of electrocution {shortrare=g} stops
                  | crackling.
 13117 | Lair:3   | a - a +6 quick blade of electrocution (weapon)
                  | {shortrare=g}
 13131 | Lair:3   | your +6 quick blade of electrocution {shortrare=g} stops
                  | crackling.
 13150 | Lair:3   | Found a staircase to the Swamp.
 13166 | Lair:3   | a - a +6 quick blade of electrocution (weapon)
                  | {shortrare=g}
 13174 | Lair:3   | your +6 quick blade of electrocution {shortrare=g} stops
                  | crackling.
 13177 | Lair:3   | a - a +6 quick blade of electrocution (weapon)
                  | {shortrare=g}
 13188 | Lair:3   | Reached skill level 11 in Fighting
 13217 | Lair:3   | your +6 quick blade of electrocution {shortrare=g} stops
                  | crackling.
 13246 | Lair:3   | Noticed a boulder beetle
 13249 | Lair:3   | a - a +6 quick blade of electrocution (weapon)
                  | {shortrare=g}
 13259 | Lair:3   | Killed a boulder beetle
 13569 | Lair:3   | Reached XP level 13. HP: 66/66 MP: 17/17
 13571 | Lair:3   | Reached skill level 12 in Fighting
 13683 | Lair:3   | Identified the +1 robe of Light {Fly rF- Regen+}
 13745 | Lair:3   | You fall into a shaft and drop 2 floors!
 13838 | Lair:5   | Reached ***** piety under Hepliaklqana
 13916 | Lair:4   | Reached skill level 13 in Fighting
 14003 | Lair:4   | Identified the +2 robe "Jonn" {*Corrode +Blink Fly}
 14036 | Lair:4   | Reached skill level 3 in Shields
 14036 | Lair:4   | Reached skill level 1 in Spellcasting
 14620 | Lair:5   | Reached skill level 2 in Spellcasting
 14749 | Lair:5   | Reached skill level 5 in Invocations
 15085 | Lair:5   | Reached skill level 4 in Shields
 15089 | Lair:5   | Reached skill level 3 in Spellcasting
 15129 | Lair:6   | Entered Level 6 of the Lair of Beasts
 15214 | Lair:6   | your +6 quick blade of electrocution {shortrare=g} stops
                  | crackling.
 15219 | Lair:6   | a - a +6 quick blade of electrocution (weapon)
                  | {shortrare=g}
 15250 | Lair:6   | Reached skill level 6 in Invocations
 15271 | Lair:5   | Reached skill level 8 in Armour
 15271 | Lair:5   | Reached XP level 14. HP: 57/73 MP: 19/19
 15386 | Lair:6   | your +6 quick blade of electrocution {shortrare=g} stops
                  | crackling.
 15394 | Lair:6   | a - a +6 quick blade of electrocution (weapon)
                  | {shortrare=g}
 15412 | Lair:6   | Reached skill level 7 in Invocations
 15490 | Lair:6   | Reached skill level 14 in Fighting
 15517 | Lair:6   | Reached skill level 1 in Evocations
 15642 | Lair:6   | Noticed a dire elephant
 15668 | Lair:6   | Killed a dire elephant
 15688 | Lair:6   | You add the spells Conjure Flame, Ignite Poison and Sticky
                  | Flame to your library.
 15769 | Lair:6   | Found a staircase to the Slime Pits.
 15902 | Lair:6   | Found an ornate altar of the Wu Jian Council.
 15944 | Lair:6   | Reached skill level 2 in Evocations
 15995 | Lair:6   | your +6 quick blade of electrocution {shortrare=g} glows
                  | red for a moment.
 16755 | D:4      | Killed Bediveer's ghost
 17024 | Orc:1    | Entered Level 1 of the Orcish Mines
 17088 | Orc:1    | Found Urontuf's General Store.
 17104 | Orc:1    | Found Okkoddy's Specific Store.
 17289 | Orc:2    | Entered Level 2 of the Orcish Mines
 17413 | Orc:1    | Noticed an orc warlord
 17550 | Orc:2    | your +7 quick blade of electrocution {shortrare=g} stops
                  | crackling.
 17597 | Orc:2    | a - a +7 quick blade of electrocution (weapon)
                  | {shortrare=g}
 17659 | Orc:2    | Reached skill level 3 in Evocations
 17741 | Orc:2    | Found a transporter.
 17771 | Orc:2    | Found a transporter.
 18015 | Orc:2    | your +7 quick blade of electrocution {shortrare=g} stops
                  | crackling.
 18020 | Orc:2    | a - a +7 quick blade of electrocution (weapon)
                  | {shortrare=g}
 18022 | Orc:2    | your +7 quick blade of electrocution {shortrare=g} stops
                  | crackling.
 18025 | Orc:2    | a - a +7 quick blade of electrocution (weapon)
                  | {shortrare=g}
 18028 | Orc:2    | Reached skill level 8 in Invocations
 18042 | Orc:2    | your +7 quick blade of electrocution {shortrare=g} stops
                  | crackling.
 18058 | Orc:2    | a - a +7 quick blade of electrocution (weapon)
                  | {shortrare=g}
 18089 | Orc:2    | Noticed Nergalle
 18090 | Orc:2    | Noticed Saint Roka
 18095 | Orc:2    | your +7 quick blade of electrocution {shortrare=g} stops
                  | crackling.
 18096 | Orc:2    | a - a +7 quick blade of electrocution (weapon)
                  | {shortrare=g}
 18103 | Orc:2    | your +7 quick blade of electrocution {shortrare=g} stops
                  | crackling.
 18105 | Orc:2    | a - a +7 quick blade of electrocution (weapon)
                  | {shortrare=g}
 18123 | Orc:2    | Reached skill level 13 in Stealth
 18159 | Orc:2    | Killed Nergalle
 18160 | Orc:2    | Reached XP level 15. HP: 79/79 MP: 22/22
 18733 | D:12     | Reached skill level 8 in Dodging
 18733 | D:12     | Reached skill level 4 in Evocations
 18933 | D:12     | your +7 quick blade of electrocution {shortrare=g} stops
                  | crackling.
 18940 | D:12     | a - a +7 quick blade of electrocution (weapon)
                  | {shortrare=g}
 19185 | D:13     | Reached skill level 9 in Armour
 19620 | D:13     | Reached ****** piety under Hepliaklqana
 19889 | D:14     | Noticed Jorgrun
 19906 | D:14     | Killed Jorgrun
 20436 | D:14     | Reached skill level 5 in Evocations
 20488 | D:14     | Reached skill level 14 in Stealth
 20519 | D:14     | Identified the +1 pair of boots "Niffui" {rC+}
 20534 | D:14     | Found a gate to the Vaults.
 20732 | D:14     | Noticed Nessos
 20740 | D:14     | Killed Nessos
 20855 | D:14     | Reached skill level 15 in Fighting
 20858 | D:14     | Noticed a tengu reaver
 20861 | D:14     | Noticed an orc warlord
 20868 | D:14     | Killed a tengu reaver
 20872 | D:14     | Killed an orc warlord
 20900 | D:14     | Noticed a tengu reaver
 20950 | D:14     | Noticed an iron dragon
 21107 | D:14     | Reached skill level 9 in Dodging
 21147 | D:14     | Killed a tengu reaver
 21148 | D:14     | Reached skill level 6 in Evocations
 21310 | D:14     | Killed an iron dragon
 21575 | D:15     | Entered Level 15 of the Dungeon
 21591 | D:15     | Reached XP level 16. HP: 85/85 MP: 23/23
 21706 | D:15     | Found a staircase to the Depths.
 21719 | D:15     | Reached skill level 15 in Stealth
 21771 | D:15     | You pick up a book of Winter and begin reading...
 21771 | D:15     | You add the spells Ozocubu's Armour, Metabolic Englaciation
                  | and Simulacrum to your library.
 22065 | D:15     | You pick up a book of Spectacle and begin reading...
 22065 | D:15     | You add the spells Dazzling Flash, Iskenderun's Mystic
                  | Blast and Starburst to your library.
 22222 | D:15     | You are cast into the Abyss!
 22222 | D:15     | Cast into level 2 of the Abyss (a wizard)
 22233 | Abyss:2  | Found a snail-covered altar of Cheibriados.
 22253 | Abyss:2  | Noticed a lich
 22260 | Abyss:2  | Killed a lich
 22653 | Abyss:2  | Noticed a revenant
 22677 | Abyss:2  | Killed a revenant
 22925 | Abyss:2  | Noticed a lich
 22948 | Abyss:2  | Killed a lich
 23498 | Abyss:2  | Noticed a revenant
 23553 | Abyss:2  | Noticed a lich
 23554 | Abyss:2  | Noticed a tentacled starspawn
 23784 | D:15     | You pass through the gate.
 23784 | D:15     | Escaped the Abyss
 23796 | D:15     | Reached skill level 7 in Evocations
 23804 | D:15     | Identified the +2 pair of boots of the Hippo {+Inv Will+
                  | MP+9}
 24158 | Snake:1  | Entered Level 1 of the Snake Pit
 24347 | Orc:2    | Killed Saint Roka
 24390 | Orc:2    | Found Hacwowiec's Antique Weapon Shop.
 24393 | Orc:2    | Found Kuaran's Antique Armour Shop.
 24437 | Orc:2    | Found Amopsie's General Store.
 24500 | Orc:2    | Found Ozussusch's Book Shop.
 24522 | Orc:2    | Bought the +1 robe of Vines {NoPotionHeal Regen++++} for
                  | 2000 gold pieces
 24522 | Orc:2    | Found the +1 robe of Vines {NoPotionHeal Regen++++}
 24559 | Orc:2    | Found a staircase to the Elven Halls.
 24650 | Orc:2    | Reached skill level 16 in Fighting
 24755 | Orc:2    | your +7 quick blade of electrocution {shortrare=g} stops
                  | crackling.
 24760 | Orc:2    | a - a +7 quick blade of electrocution (weapon)
                  | {shortrare=g}
 24761 | Orc:2    | your +7 quick blade of electrocution {shortrare=g} stops
                  | crackling.
 24766 | Orc:2    | a - a +7 quick blade of electrocution (weapon)
                  | {shortrare=g}
 24777 | Orc:2    | your +7 quick blade of electrocution {shortrare=g} stops
                  | crackling.
 24782 | Orc:2    | a - a +7 quick blade of electrocution (weapon)
                  | {shortrare=g}
 25056 | Orc:2    | Noticed hquester's ghost (journeyman DsWr)
 25081 | Orc:2    | Killed hquester's ghost
 25102 | Orc:2    | Identified the +3 pair of boots of the Tanner {Regen+ Str+3
                  | Dex-5 Slay+3}
 25324 | Elf:1    | Entered Level 1 of the Elven Halls
 25450 | Elf:1    | You pick up a book of Frost and begin reading...
 25450 | Elf:1    | You add the spells Freeze, Frozen Ramparts and Hailstorm to
                  | your library.
 25610 | Elf:1    | Reached skill level 5 in Shields
 25627 | Elf:1    | You add the spells Magic Dart, Static Discharge, Stone
                  | Arrow and Fire Storm to your library.
 25627 | Elf:1    | Got the Papyrus of Battle Magic
 26184 | Elf:2    | Noticed an Ice Fiend
 26269 | Elf:2    | Paralysed by an air elemental for 1 turns
 26272 | Elf:2    | Paralysed by an air elemental for 1 turns
 26334 | Elf:2    | Noticed an Executioner
 26408 | Elf:2    | Noticed a Tzitzimitl
 26581 | Elf:2    | Reached skill level 16 in Stealth
 26612 | Elf:2    | Reached XP level 17. HP: 90/90 MP: 24/24
 26615 | Elf:2    | Reached skill level 6 in Shields
 26674 | Elf:2    | Found Jeegoets's Armour Emporium.
 26785 | Elf:2    | Reached skill level 10 in Dodging
 26966 | Elf:2    | Found a runed translucent gate.
 26966 | Elf:2    | Found a runed translucent gate.
 26967 | Elf:2    | Found a runed translucent gate.
 27161 | Elf:3    | Entered Level 3 of the Elven Halls
 27210 | Elf:3    | Noticed a deep elf blademaster
 27214 | Elf:3    | Reached skill level 7 in Shields
 27399 | Elf:3    | Identified the ring "Dosoruoh" {rC- rN++ MP+9 Str+2 Int+3
                  | SInv}
 27399 | Elf:3    | Noticed a deep elf master archer
 27410 | Elf:3    | Killed a deep elf master archer
 27426 | Elf:3    | Killed a deep elf blademaster
 27433 | Elf:3    | Reached skill level 17 in Fighting
 27456 | Elf:3    | The deep elf annihilator is wielding the +8 autumn katana
                  | {vorpal, manifold assault}.
 27477 | Elf:3    | your +7 quick blade of electrocution {shortrare=g} glows
                  | red for a moment.
 27629 | Elf:3    | Identified a potion of experience
 27643 | Elf:2    | Reached skill level 9 in Shields
 27643 | Elf:2    | Reached XP level 18. HP: 96/96 MP: 25/25
 27706 | Elf:3    | Identified the +4 trident of Koehex {freeze, Dex+3 SInv}
 27723 | Elf:3    | Noticed a deep elf master archer
 27731 | Elf:3    | HP: 7/89 [deep elf master archer/arrow (29)]
 27732 | Elf:3    | Killed a deep elf master archer
 27908 | Elf:3    | Noticed a deep elf blademaster
 27939 | Elf:3    | Noticed a Brimstone Fiend
 27945 | Elf:3    | Killed a deep elf blademaster
 28058 | Elf:3    | Identified the ring "Zagowyer" {+Blink rC+ MP+9 Int+6 Dex+3
                  | Stlth+}
 28128 | Elf:3    | Identified the +1 robe of Foolhardiness {-Tele rElec rCorr
                  | Stlth+}
 28370 | Elf:3    | Reached skill level 11 in Dodging
 28378 | Elf:3    | Reached skill level 10 in Shields
 28495 | Elf:3    | Identified the ring of Emue {Int+6 Stlth+}
 28543 | Elf:3    | Noticed a Brimstone Fiend
 28581 | Elf:3    | You pick up a book of Storms and begin reading...
 28581 | Elf:3    | You add the spells Airstrike, Summon Lightning Spire and
                  | Lightning Bolt to your library.
 28613 | Elf:3    | You pick up a book of Winter and begin reading...
 28631 | Elf:3    | Identified the +8 great sword of the Mystics {antimagic,
                  | rCorr Str+4 Int+4}
 28756 | Elf:3    | You add the spells Sublimation of Blood, Vampiric Draining,
                  | Teleport Other and Haunt to your library.
 28756 | Elf:3    | Got the Handbook of Sinister Translocation
 28830 | Elf:3    | You are cast into the Abyss!
 28830 | Elf:3    | Cast into level 3 of the Abyss (a deep elf sorcerer)
 29046 | Elf:3    | You pass through the gate.
 29046 | Elf:3    | Escaped the Abyss
 29060 | Elf:3    | Got the Volume of the Farmer
 29153 | Elf:3    | Identified the +5 spear "Voff" {holy, Will+ Int+2}
 29296 | Elf:3    | Found a runed translucent gate.
 29296 | Elf:3    | Found a runed translucent gate.
 29296 | Elf:3    | Found a runed translucent gate.
 29297 | Elf:3    | Found an opulent altar of Gozag.
 29297 | Elf:3    | Found Xopoyvih's Assorted Antiques.
 29298 | Elf:3    | Found Ketsayle's Assorted Antiques.
 29298 | Elf:3    | Noticed Pooter's ghost (adept MiBe)
 29299 | Elf:3    | Acquired 657 gold pieces
 29310 | Elf:3    | Acquired the +0 pair of gloves of Liberalism {Regen+}
 29323 | Elf:3    | Acquired 440 gold pieces
 29690 | Snake:1  | Reached XP level 19. HP: 90/100 MP: 26/26
 29791 | Snake:1  | Found Seddabial's Armour Shop.
 29796 | Snake:1  | Found Sif Gae's Antique Weapon Shop.
 29912 | Snake:1  | You pick up a book of Changes and begin reading...
 29912 | Snake:1  | You add the spells Beastly Appendage, Wereblood and Spider
                  | Form to your library.
 30431 | Snake:1  | Found a runed translucent gate.
 30431 | Snake:1  | Found a runed translucent gate.
 30431 | Snake:1  | Found a runed translucent gate.
 30436 | Snake:1  | Noticed bwicke's ghost (adept GrFi)
 30436 | Snake:1  | Noticed spiderkeys's ghost (adept SpAK)
 30549 | Snake:1  | Reached skill level 11 in Shields
 30778 | Snake:1  | Killed bwicke's ghost
 30789 | Snake:1  | Killed spiderkeys's ghost
 30806 | Snake:1  | Identified the +0 cloak of Dishonesty {Drain Will+ Str+8
                  | Int+3}
 30856 | Snake:1  | your +8 quick blade of electrocution {shortrare=g} glows
                  | red for a moment.
 30897 | Snake:2  | Identified the +5 kite shield of the Butcher {Regen+ rCorr}
 30897 | Snake:2  | Noticed Asterion
 30928 | Snake:2  | Killed Asterion
 31421 | Snake:3  | Noticed Louise
 31421 | Snake:3  | Noticed Aizul
 31432 | Snake:3  | Killed Aizul
 31433 | Snake:3  | Noticed Bai Suzhen
 31441 | Snake:3  | Killed Louise
 31554 | Snake:3  | Killed Bai Suzhen
 31638 | Snake:3  | Reached skill level 12 in Shields
 31703 | Snake:3  | You pick up a book of Displacement and begin reading...
 31703 | Snake:3  | You add the spells Lesser Beckoning and Gell's Gravitas to
                  | your library.
 31915 | Snake:3  | Reached skill level 12 in Dodging
 31948 | Snake:3  | You pick up a book of Changes and begin reading...
 32067 | Snake:3  | Learned a level 1 spell: Apportation
 32071 | Snake:3  | Learned a level 3 spell: Lesser Beckoning
 32081 | Snake:4  | Entered Level 4 of the Snake Pit
 32170 | Snake:4  | Reached skill level 18 in Fighting
 32325 | Snake:4  | your +9 quick blade of electrocution {shortrare=g} stops
                  | crackling.
 32326 | Snake:4  | a - a +9 quick blade of electrocution (weapon)
                  | {shortrare=g}
 32327 | Snake:4  | your +9 quick blade of electrocution {shortrare=g} stops
                  | crackling.
 32336 | Snake:4  | a - a +9 quick blade of electrocution (weapon)
                  | {shortrare=g}
 32768 | Snake:4  | Reached skill level 13 in Shields
 32875 | Snake:4  | Got a serpentine rune of Zot
 32951 | Snake:4  | Reached XP level 20. HP: 107/107 MP: 27/27
 33086 | Snake:4  | Reached skill level 14 in Shields
 33610 | Swamp:1  | Entered Level 1 of the Swamp
 33687 | Swamp:1  | You add the spells Tukima's Dance, Passage of Golubria and
                  | Yara's Violent Unravelling to your library.
 33701 | Swamp:1  | Noticed Nikola
 33713 | Swamp:1  | Killed Nikola
 34348 | Swamp:2  | Found a runed translucent door.
 34348 | Swamp:2  | Noticed Fefob's ghost (adept TeWn)
 34962 | Swamp:3  | Reached skill level 15 in Shields
 35072 | Swamp:3  | Reached skill level 19 in Fighting
 35322 | Swamp:4  | Entered Level 4 of the Swamp
 35746 | Swamp:4  | HP: 24/109 [poison (poison gas)]
 35750 | Swamp:4  | HP: 11/109 [poison (poison gas)]
 35755 | Swamp:4  | HP: 27/109 [poison (poison gas)]
 35913 | Swamp:4  | Got a decaying rune of Zot
 36449 | Vaults:1 | Entered Level 1 of the Vaults
 36453 | Vaults:1 | Reached skill level 20 in Fighting
 36456 | Vaults:1 | Reached skill level 1 in Translocations
 36459 | Vaults:1 | Reached skill level 2 in Translocations
 36482 | Vaults:1 | Reached skill level 3 in Translocations
 36487 | Vaults:1 | Reached skill level 4 in Translocations
 36487 | Vaults:1 | Reached XP level 21. HP: 115/115 MP: 28/28
 36550 | Vaults:1 | Reached skill level 5 in Translocations
 36568 | Vaults:1 | Reached skill level 6 in Translocations
 36660 | Vaults:1 | Reached skill level 4 in Spellcasting
 36839 | Vaults:1 | Identified the +1 scimitar of Moral Flaws {vorpal, rElec
                  | rC++ rCorr Str-2}
 37212 | Vaults:1 | Reached skill level 5 in Spellcasting
 37291 | Vaults:1 | Reached skill level 7 in Translocations
 37806 | Vaults:2 | Reached skill level 6 in Spellcasting
 37931 | Vaults:2 | Reached skill level 17 in Stealth
 38151 | Vaults:2 | Reached skill level 13 in Dodging
 38167 | Vaults:2 | Reached XP level 22. HP: 120/120 MP: 32/32
 38327 | Vaults:2 | You pick up a book of Maledictions and begin reading...
 38959 | Vaults:3 | Identified the +1 chain mail "Meustan" {Str+7 Dex+2}
 39050 | Vaults:3 | Noticed Sojobo
 39086 | Vaults:3 | Reached skill level 18 in Stealth
 39258 | Vaults:3 | Found Xilutiwy's Book Shoppe.
 39266 | Vaults:3 | Bought a manual of Dodging for 1360 gold pieces
 39266 | Vaults:3 | Bought a book of Burglary for 340 gold pieces
 39266 | Vaults:3 | You pick up a book of Burglary and begin reading...
 39266 | Vaults:3 | You add the spells Passwall, Ensorcelled Hibernation and
                  | Swiftness to your library.
 39266 | Vaults:3 | Bought a book of Spatial Translocations for 442 gold pieces
 39266 | Vaults:3 | You pick up a book of Spatial Translocations and begin
                  | reading...
 39266 | Vaults:3 | You add the spells Blink and Manifold Assault to your
                  | library.
 39269 | Vaults:3 | Learned a level 2 spell: Blink
 39272 | Vaults:3 | Learned a level 2 spell: Wereblood
 39275 | Vaults:3 | Learned a level 2 spell: Passwall
 39336 | Vaults:3 | Reached skill level 1 in Transmutations
 39560 | Vaults:3 | You pick up a book of Displacement and begin reading...
 39582 | Vaults:3 | Reached skill level 2 in Transmutations
 39666 | Vaults:3 | You pick up a book of Iron and begin reading...
 39666 | Vaults:3 | You add the spells Animate Armour, Blade Hands and Iron
                  | Shot to your library.
 39893 | Vaults:3 | Reached skill level 3 in Transmutations
 39928 | Vaults:3 | Reached skill level 21 in Fighting
 39975 | Vaults:3 | Found a staircase to the Crypt.
 40212 | Vaults:3 | Killed Sojobo
 40213 | Vaults:3 | Reached skill level 14 in Dodging
 40213 | Vaults:3 | Reached skill level 4 in Transmutations
 40269 | Vaults:3 | Reached skill level 1 in Earth Magic
 40425 | Vaults:3 | Reached skill level 19 in Stealth
 40433 | Vaults:3 | Reached skill level 2 in Earth Magic
 41181 | Vaults:4 | Reached skill level 5 in Transmutations
 41181 | Vaults:4 | Reached skill level 3 in Earth Magic
 41574 | Vaults:4 | Reached XP level 23. HP: 126/126 MP: 33/33
 41946 | Crypt:1  | Entered Level 1 of the Crypt
 42102 | Crypt:1  | Reached skill level 6 in Transmutations
 42123 | Crypt:1  | Reached skill level 15 in Dodging
 42547 | Crypt:1  | Found a shimmering altar of Xom.
 42552 | Crypt:1  | Noticed a curse skull
 42556 | Crypt:1  | Killed a curse skull
 42575 | Crypt:1  | Reached skill level 20 in Stealth
 43491 | Crypt:3  | Entered Level 3 of the Crypt
 43628 | Crypt:3  | Reached skill level 16 in Dodging
 43696 | Crypt:3  | Found a staircase to the Tomb.
 43707 | Crypt:3  | Identified the +3 leather armour of Viastiu {rC+}
 43843 | Crypt:3  | Reached skill level 21 in Stealth
 44001 | Crypt:3  | Could not pick up a +4 quick blade of draining
                  | {shortrare=g} here; ([A]lways) ignore it?
 44088 | Crypt:3  | Reached skill level 22 in Fighting
 44531 | Crypt:3  | Noticed a dread lich
 44548 | Crypt:3  | Killed a dread lich
 44569 | Crypt:3  | Found an ancient bone altar of Kikubaaqudgha.
 45223 | Depths:1 | Entered Level 1 of the Depths
 45232 | Depths:1 | Found a shadowy altar of Dithmenos.
 45257 | Depths:1 | You pick up a book of Decay and begin reading...
 45257 | Depths:1 | You add the spells Corpse Rot, Dispel Undead and Death
                  | Channel to your library.
 45377 | Depths:1 | Reached XP level 24. HP: 132/132 MP: 33/33
 45486 | Depths:1 | You fall into a shaft and drop 1 floor!
 45534 | Depths:3 | Reached skill level 22 in Stealth
 45820 | Depths:2 | Identified the +9 war axe of the Wilderness {elec, Stlth+}
 45864 | Depths:2 | Noticed a juggernaut
 45890 | Depths:2 | Killed a juggernaut
 45895 | Depths:2 | HP: 30/134 [frost giant (illusionary)/+1 battleaxe of
                  | freezing (5)]
 45908 | Depths:2 | Identified the +4 scale mail of the Armadillo {rF- rC+
                  | Str+2}
 45945 | Depths:2 | Identified the +3 dagger "Hyokaqunko" {freeze, Drain rN+
                  | Int+3}
 46037 | Depths:1 | Found a one-way gate leading to the halls of Pandemonium.
 46122 | Depths:1 | Reached skill level 23 in Fighting
 46392 | Depths:1 | Found a one-way gate to the infinite horrors of the Abyss.
 46458 | Depths:1 | Found a gateway to Hell.
 48118 | Depths:3 | Identified +0 gold dragon scales
 48120 | Depths:3 | O - +0 gold dragon scales {rare}
 48121 | Depths:3 | You drop +0 gold dragon scales {rare}.
 48195 | Depths:3 | Found Zin's Purification Station.
 48197 | Depths:3 | Found a glowing silver altar of Zin.
 48248 | Depths:3 | Found Lodoq's Book Boutique.
 48248 | Depths:3 | Found Iveefaca's Jewellery Shoppe.
 48249 | Depths:3 | Found Eqon's Jewellery Shoppe.
 48259 | Depths:3 | Bought the ring of Nakk {rF+ Str+2 Slay+6 SInv} for 1246
                  | gold pieces
 48466 | Depths:4 | Entered Level 4 of the Depths
 48501 | Depths:4 | Found a one-way gateway to a ziggurat.
 48515 | Depths:4 | Got the Compendium of Shifting Displacement
 48548 | Depths:4 | Found a glowing golden altar of the Shining One.
 48576 | Depths:4 | Reached skill level 24 in Fighting
 48675 | Depths:4 | Noticed a caustic shrike
 48676 | Depths:4 | Noticed a juggernaut
 48681 | Depths:4 | Found the +8 longbow "Zephyr" {speed, Dex+3 SInv}
 49194 | Depths:4 | Found a gate to the Realm of Zot.
 49513 | Depths:4 | Killed a caustic shrike
 49997 | Vaults:5 | Entered Level 5 of the Vaults
 50008 | Vaults:5 | Reached XP level 25. HP: 140/140 MP: 33/33
 50131 | Vaults:5 | Found the +8 demon blade "Leech" {vamp, Harm Drain rN+}
 50134 | Vaults:5 | Reached skill level 23 in Stealth
 50299 | Vaults:5 | Reached skill level 17 in Dodging
 50409 | Vaults:5 | Identified the ring "Xykhloq" {Ice rElec Str+4 Dex+2
                  | Stlth-}
 50457 | Vaults:5 | Identified the +1 leather armour of Fashionability {Dex+5}
 50466 | Vaults:5 | Reached skill level 24 in Stealth
 50542 | Vaults:5 | Identified the +3 dagger "Veoty" {flame, Dex+5}
 50624 | Vaults:5 | Identified the +9 great sword "Veteurgh" {drain, rC+}
 50665 | Vaults:5 | Noticed an ancient lich
 50671 | Vaults:5 | Killed an ancient lich
 50695 | Vaults:5 | Reached skill level 25 in Stealth
 50740 | Vaults:5 | Got a silver rune of Zot
 50846 | Vaults:5 | HP: 22/140 [yaktaur captain/bolt (18)]
 50847 | Vaults:5 | Slain by an ettin

Vanquished Creatures
  An ancient lich (Vaults:5)
  A juggernaut (Depths:2)
  Sojobo (Vaults:3)
  Bai Suzhen (Snake:3)
  Saint Roka (Orc:2)
  A caustic shrike (Depths:4)
  Nikola (Swamp:1)
  3 golden dragons
  Jorgrun (D:14)
  A walking crystal tome (Depths:2)
  3 tentacled monstrosities
  2 walking divine tomes (Depths:3)
  4 liches
  2 deep elf blademasters (Elf:3)
  A walking frostbound tome (Depths:2)
  Asterion (Snake:2)
  6 titans
  2 deep elf master archers (Elf:3)
  An Executioner (Abyss:3)
  Gastronok (Lair:1)
  2 ancient champions
  9 sphinxes
  2 storm dragons
  6 tengu reavers
  13 nagarajas
  4 shadow dragons
  A fenstrider witch (Swamp:2)
  The ghost of bwicke the Bludgeoner, an adept GrFi of Uskayaw (Snake:1)
  9 fire giants
  5 revenants
  5 frost giants
  2 draconian knights
  A caustic shrike zombie (Crypt:2)
  5 deep elf sorcerers
  The ghost of spiderkeys the Spry, an adept SpAK of Lugonu (Snake:1)
  2 orc warlords
  A draconian annihilator (Depths:4)
  A draconian shifter (Abyss:2)
  17 vault wardens
  3 iron dragons
  Aizul (Snake:3)
  4 ghouls
  A curse skull (Crypt:1)
  22 ironbound preservers
  A caustic shrike skeleton (Crypt:3)
  6 war gargoyles
  15 stone giants
  6 deep elf elementalists (Elf:3)
  A juggernaut skeleton (Crypt:2)
  2 spriggan defenders
  6 ironbound thunderhulks
  7 vampire knights
  A green draconian (Depths:4)
  17 very ugly things
  Nessos (D:14)
  4 deep elf demonologists
  5 eleionomae
  11 deep elf annihilators
  3 purple draconians
  7 spark wasps
  2 bunyips
  A black draconian (Depths:4)
  16 dire elephants
  3 entropy weavers
  2 green deaths (Swamp:4)
  A merfolk javelineer (Depths:2)
  5 ettins
  10 deep elf death magi
  4 eidola
  The ghost of hquester the Fighter, a journeyman DsWr (Orc:2)
  2 crystal guardians (Crypt:3)
  7 fire dragons
  3 deep elf high priests
  7 jiangshi
  9 yaktaur captains
  6 great orbs of eyes
  9 hydras
  5 ice dragons
  Harold (D:10)
  A rakshasa (Depths:2)
  2 salamander tyrants (Snake:4)
  2 ghost crabs
  A spriggan skeleton (Crypt:3)
  22 vault guards
  3 spriggan air magi (Depths:3)
  12 ironbound frosthearts
  4 death knights
  5 boulder beetles
  15 centaur warriors
  5 anacondas
  4 two-headed ogres
  A catoblepas (Lair:6)
  11 naga warriors
  5 deep troll earth magi
  21 dancing weapons
  10 alligators
  A titan zombie (Abyss:2)
  3 hell hogs (Depths:1)
  3 deep troll shamans
  12 death yaks
  3 tengu warriors
  4 thrashing horrors
  7 vampire magi
  4 orc high priests
  5 spriggan berserkers
  12 hell knights
  6 shock serpents
  5 sun demons (Depths:1)
  2 soul eaters
  Nergalle (Orc:2)
  8 naga sharpshooters
  5 deep elf knights (Elf:2)
  13 skeletal warriors
  A golden dragon zombie (Crypt:3)
  An entropy weaver zombie (Vaults:1)
  5 iron trolls
  3 wretched stars (Abyss:2)
  A swamp dragon (shapeshifter) (Vaults:5)
  3 spatial maelstroms (Abyss:2)
  6 glowing orange brains
  A ghost moth zombie (Crypt:1)
  8 salamander mystics
  9 swamp dragons
  5 goliath frogs
  A shadow demon (Depths:4)
  6 flayed ghosts
  A glowing orange brain (shapeshifter) (Depths:3)
  5 lindwurms
  63 deep trolls
  A tengu zombie (Vaults:1)
  3 starcursed masses (Abyss:2)
  7 orc knights
  5 bog bodies
  2 spriggan druids
  7 phantasmal warriors
  8 wizards
  23 deep elf pyromancers
  12 necromancers
  A harpy (shapeshifter) (Elf:2)
  13 ironbound convokers
  8 deep elf archers
  7 naga ritualists
  23 deep elf zephyrmancers
  5 mana vipers
  A harpy (Vaults:2)
  A wolf spider (D:14)
  2 oklob plants (Lair:6)
  5 orc sorcerers (Orc:2)
  15 salamanders
  25 ugly things
  6 will-o-the-wisps
  A water nymph (shapeshifter) (Vaults:5)
  3 manticores
  10 elephants
  A manticore (shapeshifter) (D:15)
  A stone giant skeleton (Vaults:1)
  18 black mambas
  7 cyclopes
  A fire giant skeleton (Crypt:2)
  8 naga magi
  A smoke demon (Depths:1)
  A guardian serpent (shapeshifter) (D:13)
  A moth of wrath (Orc:2)
  Joseph (D:10)
  A naga zombie (Crypt:3)
  4 guardian serpents
  14 vault sentinels
  An elephant (shapeshifter) (Depths:1)
  3 orange demons
  3 gargoyles
  A centaur skeleton (Crypt:3)
  10 cane toads
  A dire elephant skeleton (Crypt:3)
  An unseen horror (Abyss:2)
  2 hellions
  Maggie (Lair:1)
  A human zombie (Vaults:1)
  36 yaktaurs
  2 efreet
  8 komodo dragons
  The ghost of Bediveer the Skirmisher, a novice GrMo (D:4)
  An alligator snapping turtle skeleton (Crypt:2)
  7 freezing wraiths
  2 human skeletons (Vaults:1)
  A yaktaur zombie (Vaults:1)
  2 hellwings
  4 polar bears
  4 trolls
  3 tengu conjurers
  5 ancient zymes
  A harpy zombie (Crypt:3)
  A meliai (shapeshifter) (D:14)
  A silent spectre (Abyss:3)
  7 hornets
  5 tyrant leeches
  A tarantella (Vaults:4)
  3 bloated husks
  24 slime creatures
  10 raiju (Abyss:2)
  A jumping spider (Vaults:5)
  An alligator zombie (Crypt:2)
  A human simulacrum (Vaults:1)
  19 blink frogs
  20 flying skulls (Crypt:3)
  5 spriggans
  2 ettin skeletons (Crypt:3)
  2 satyr skeletons
  An air elemental (Elf:2)
  49 yaks
  4 wyverns
  A vampire (Abyss:2)
  3 water elementals
  A guardian serpent skeleton (Crypt:2)
  4 shadows
  A ynoxinul (Abyss:2)
  6 wraiths
  16 humans (D:14)
  5 fire elementals
  6 basilisks
  4 chaos spawn
  4 redbacks
  3 neqoxecs
  3 golden eyes (Abyss:3)
  10 large abominations
  7 vampire mosquitoes (Swamp:3)
  3 spatial vortices (Abyss:2)
  A yaktaur simulacrum (Vaults:1)
  5 wargs (Orc:2)
  24 nagas
  5 acid dragons
  22 water moccasins
  16 swamp worms
  2 floating eyes (shapeshifter)
  38 orc warriors
  2 sky beasts (D:7)
  6 black bears
  A lindwurm zombie (Crypt:1)
  2 ice beasts
  12 small abominations (Abyss:2)
  25 wolves
  A boggart (D:14)
  8 ogres
  3 centaurs
  10 bullfrogs
  2 kobold brigands
  A gnoll sergeant (D:4)
  9 necrophages
  10 wights
  An elf skeleton (Crypt:2)
  4 earth elementals
  A warg skeleton (Crypt:2)
  2 electric eels (D:14)
  3 hexers
  5 howler monkeys (D:9)
  A jelly (D:5)
  17 orc priests
  3 gnoll shamans
  3 hounds
  34 orc wizards
  An iguana (D:4)
  A naga skeleton (Crypt:1)
  10 adders
  21 gnolls
  A howler monkey skeleton (Crypt:2)
  5 river rats (Sewer)
  16 white imps
  3 ufetubi
  4 dart slugs
  60 orcs
  11 ball pythons
  12 endoplasms
  4 giant cockroaches
  8 goblins
  11 hobgoblins
  32 kobolds
  5 quokkas
  2 bats
  5 frilled lizards
  A kobold zombie (Crypt:1)
  A quokka zombie (Crypt:2)
  24 rats
1782 creatures vanquished.

Vanquished Creatures (collateral kills)
  A dread lich (Crypt:3)
  A bone dragon (Crypt:3)
  A tengu reaver (D:14)
  5 nagarajas (Snake:4)
  An iron dragon (D:14)
  2 frost giants
  Louise (Snake:3)
  A ghoul (Crypt:3)
  An ironbound preserver (Vaults:3)
  An ironbound thunderhulk (Vaults:4)
  2 very ugly things
  A stone giant (Depths:1)
  An eleionoma (Swamp:1)
  A deep elf demonologist (Elf:2)
  A deep elf annihilator (Elf:3)
  A spark wasp (Depths:4)
  A dire elephant (Vaults:3)
  A crystal guardian (Crypt:3)
  A jiangshi (Crypt:2)
  A yaktaur captain (Vaults:4)
  A peacekeeper (Vaults:3)
  A fire dragon (Depths:4)
  A vault guard (Vaults:4)
  A boulder beetle (Lair:6)
  A two-headed ogre (D:10)
  2 naga warriors
  4 dancing weapons
  A death knight (Crypt:1)
  A hell hog (Depths:1)
  A naga sharpshooter (Snake:3)
  A shock serpent (Snake:2)
  A deep elf knight (Elf:3)
  A thrashing horror (Abyss:2)
  A spriggan (Swamp:2)
  A sun demon (Depths:4)
  2 hell knights
  2 skeletal warriors (Crypt:3)
  An iron troll (Depths:1)
  6 deep trolls
  2 bog bodies
  A naga ritualist (Snake:4)
  A deep elf archer (Elf:3)
  3 necromancers
  3 deep elf zephyrmancers
  2 deep elf pyromancers (Elf:2)
  A salamander (Snake:2)
  A cyclops (D:14)
  2 ugly things
  2 naga magi (Snake:4)
  6 black mambas
  A cane toad (Lair:5)
  3 yaktaurs
  2 komodo dragons
  A tengu conjurer (Depths:3)
  3 slime creatures
  3 tyrant leeches
  2 hornets
  A raiju (Abyss:2)
  A blink frog (Lair:6)
  3 flying skulls (Crypt:3)
  3 humans (D:14)
  8 yaks
  A fire bat (Abyss:2)
  A fire elemental (D:15)
  A swamp worm (Swamp:1)
  3 nagas
  4 wargs
  2 large abominations (Abyss:2)
  2 orc warriors
  2 wolves
  2 centaurs (Lair:1)
  A blink frog zombie (Crypt:1)
  An ogre (Orc:2)
  A bullfrog (Lair:2)
  2 earth elementals
  A wight (D:9)
  A howler monkey (D:9)
  5 orc priests (Orc:2)
  6 orc wizards
  A white imp (D:12)
  10 orcs
  6 kobolds
164 creatures vanquished.

Vanquished Creatures (others)
  A dancing weapon (Elf:2)
  A deep elf knight (Elf:2)
  A bloated husk (Swamp:2)
  A naga (Snake:4)
  A spatial vortex (Abyss:2)
  34 hexers
  An ancestor (D:7)
  An orc (Elf:2)
  3 bushes
  18 foxfires
  32 fungi
  A lurking horror (Abyss:3)
  48 plants
  3 starspawn tentacles (Abyss:2)
146 creatures vanquished.

Grand Total: 2092 creatures vanquished

Table legend:
 A = Non-vault XP
 B = Vault XP
 C = Vault XP percentage of total XP
 D = Non-vault monster count
 E = Vault monster count
 F = Vault count percentage of total count
                 A         B        C        D         E       F
            +---------+---------+-------+---------+---------+-------
      Total |  515089 |  468512 |  47.6 |    1252 |     691 |  35.6
            +---------+---------+-------+---------+---------+-------
        D:1 |      39 |       0 |   0.0 |      22 |       0 |   0.0
        D:2 |      85 |       8 |   8.6 |      27 |       4 |  12.9
        D:3 |      39 |       1 |   2.5 |      15 |       1 |   6.2
        D:4 |     136 |     701 |  83.8 |      10 |      21 |  67.7
        D:5 |     869 |       0 |   0.0 |      21 |       0 |   0.0
        D:6 |     258 |       0 |   0.0 |      12 |       0 |   0.0
        D:7 |     751 |    1974 |  72.4 |       7 |       6 |  46.2
        D:8 |    1290 |       0 |   0.0 |      18 |       0 |   0.0
        D:9 |    1239 |       0 |   0.0 |      27 |       0 |   0.0
       D:10 |    3025 |    1321 |  30.4 |      20 |       2 |   9.1
       D:11 |    2040 |       0 |   0.0 |       5 |       0 |   0.0
       D:12 |    7333 |     387 |   5.0 |      32 |      14 |  30.4
       D:13 |    5843 |       0 |   0.0 |      17 |       0 |   0.0
       D:14 |    7428 |   22828 |  75.4 |      15 |      41 |  73.2
       D:15 |   12088 |    3397 |  21.9 |      24 |       6 |  20.0
     Lair:1 |    5075 |    2357 |  31.7 |      27 |       6 |  18.2
     Lair:2 |    5028 |     128 |   2.5 |      22 |       1 |   4.3
     Lair:3 |    5502 |       0 |   0.0 |      26 |       0 |   0.0
     Lair:4 |    6108 |       0 |   0.0 |      25 |       0 |   0.0
     Lair:5 |   13381 |     354 |   2.6 |      38 |       3 |   7.3
     Lair:6 |   10083 |   11546 |  53.4 |      32 |      22 |  40.7
    Swamp:1 |    7662 |    2494 |  24.6 |      17 |       1 |   5.6
    Swamp:2 |   15392 |       0 |   0.0 |      25 |       0 |   0.0
    Swamp:3 |    9983 |       0 |   0.0 |      21 |       0 |   0.0
    Swamp:4 |   12004 |   18833 |  61.1 |      28 |      30 |  51.7
    Snake:1 |   12512 |    2515 |  16.7 |      24 |       2 |   7.7
    Snake:2 |   14957 |    1704 |  10.2 |      29 |       1 |   3.3
    Snake:3 |   19493 |    5380 |  21.6 |      34 |       3 |   8.1
    Snake:4 |   12694 |   36071 |  74.0 |      23 |      44 |  65.7
      Orc:1 |     983 |       0 |   0.0 |      17 |       0 |   0.0
      Orc:2 |    5731 |   19527 |  77.3 |      63 |      59 |  48.4
      Elf:1 |    7986 |    6991 |  46.7 |      13 |      11 |  45.8
      Elf:2 |   24173 |    7802 |  24.4 |      47 |      11 |  19.0
      Elf:3 |   12873 |   33998 |  72.5 |      21 |      30 |  58.8
   Vaults:1 |   36797 |   14058 |  27.6 |      52 |      20 |  27.8
   Vaults:2 |   39983 |   29021 |  42.1 |      49 |      38 |  43.7
   Vaults:3 |   35049 |   23114 |  39.7 |      51 |      26 |  33.8
   Vaults:4 |   13079 |   35757 |  73.2 |      16 |      41 |  71.9
   Vaults:5 |   16246 |   71987 |  81.6 |      30 |      63 |  67.7
    Crypt:1 |   24702 |    2417 |   8.9 |      39 |       2 |   4.9
    Crypt:2 |   27903 |       0 |   0.0 |      38 |       0 |   0.0
    Crypt:3 |       0 |   52995 | 100.0 |       0 |      81 | 100.0
   Depths:1 |   18657 |   11048 |  37.2 |      22 |      15 |  40.5
   Depths:2 |   15355 |   14887 |  49.2 |      17 |       9 |  34.6
   Depths:3 |   24659 |   12670 |  33.9 |      28 |      12 |  30.0
   Depths:4 |   18576 |   20110 |  52.0 |      16 |      19 |  54.3
    Abyss:2 |       0 |       0 |   N/A |      76 |       0 |   0.0
    Abyss:3 |       0 |       0 |   N/A |      14 |       0 |   0.0
      Sewer |       0 |     131 | 100.0 |       0 |      46 | 100.0
            +---------+---------+-------+---------+---------+-------

Illustrated notes

Table legend:
 A = Kills in this place as a percentage of kills in entire the game.
 B = Kills by you in this place as a percentage of kills by you in the entire game.
 C = Kills by friends in this place as a percentage of kills by friends in the entire game.
 D = Other kills in this place as a percentage of other kills in the entire game.
 E = Experience gained in this place as a percentage of experience gained in the entire game.
 F = Experience gained in this place divided by the number of levels of this place that you have seen.
                   A       B       C       D       E      F
               +-------+-------+-------+-------+-------+----------------------
         Total | 100.0 | 100.0 | 100.0 | 100.0 | 100.0 | 19672.0
       Dungeon |  18.9 |  19.4 |  17.1 |   0.0 |   7.4 | 4872.0
          Lair |  10.4 |  10.5 |  10.4 |   3.2 |   6.1 | 9927.0
         Swamp |   6.3 |   6.5 |   4.9 |   3.2 |   6.7 | 16592.0
     Snake Pit |   8.2 |   7.5 |  14.0 |  19.4 |  10.7 | 26331.5
  Orcish Mines |   7.2 |   6.5 |  14.6 |   6.5 |   2.7 | 13120.5
   Elven Halls |   6.8 |   6.8 |   7.9 |   6.5 |   9.5 | 31274.3
        Vaults |  19.9 |  20.3 |  11.6 |  38.7 |  32.0 | 63018.2
         Crypt |   8.2 |   8.1 |   9.8 |   6.5 |  11.0 | 36005.7
        Depths |   7.1 |   7.0 |   6.7 |  16.1 |  13.8 | 33990.5
         Abyss |   4.6 |   4.9 |   3.0 |   0.0 |   0.0 |   0.0
         Sewer |   2.4 |   2.6 |   0.0 |   0.0 |   0.0 | 131.0
               +-------+-------+-------+-------+-------+----------------------

Table legend: (Time is in decaauts)
 A = Elapsed time spent in this place.
 B = Non-inter-level travel time spent in this place.
 C = Inter-level travel time spent in this place.
 D = Time resting spent in this place.
 E = Time spent auto-exploring this place.
 F = Levels seen in this place.
 G = Mean time per level.
                   A        B        C        D        E       F      G
               +--------+--------+--------+--------+--------+-----+--------+
         Total |  46968 |  43371 |   3597 |   2717 |  23175 |  50 |  939.4 |
       Dungeon |  14761 |  13172 |   1589 |   1001 |   8261 |  15 |  984.1 |
        Temple |    278 |    278 |      0 |      0 |    171 |   1 |  278.0 |
          Lair |   4983 |   4422 |    561 |    116 |   3018 |   6 |  830.5 |
         Swamp |   2457 |   2392 |     65 |     77 |   1406 |   4 |  614.2 |
     Snake Pit |   3603 |   3359 |    244 |     36 |   1565 |   4 |  900.8 |
  Orcish Mines |   2053 |   1917 |    136 |    194 |    751 |   2 | 1026.5 |
   Elven Halls |   3626 |   3418 |    208 |    617 |   1204 |   3 | 1208.7 |
        Vaults |   5918 |   5437 |    481 |    171 |   2494 |   5 | 1183.6 |
         Crypt |   2772 |   2687 |     85 |    112 |   1057 |   3 |  924.0 |
        Depths |   4115 |   3891 |    224 |     52 |   2603 |   4 | 1028.8 |
         Abyss |   1440 |   1440 |      0 |    196 |    324 |   2 |  720.0 |
         Sewer |    956 |    956 |      0 |    144 |    320 |   1 |  956.0 |
               +--------+--------+--------+--------+--------+-----+--------+

Top non-repeatable levels by time:
    D:14: 1757 daAuts
Vaults:3: 1714 daAuts
   Orc:2: 1708 daAuts
   Elf:3: 1494 daAuts
 Crypt:3: 1328 daAuts
 Abyss:2: 1266 daAuts
 Snake:4: 1238 daAuts
Vaults:2: 1237 daAuts
   Elf:2: 1218 daAuts
 Snake:1: 1197 daAuts
Vaults:4: 1176 daAuts
    D:11: 1141 daAuts
Depths:2: 1126 daAuts
Vaults:1: 1106 daAuts
  Lair:1: 1105 daAuts
